 Dungeon Crawl Stone Soup version 0.31.0-11-ge490571c62 (webtiles) character file.

Game seed: 10122619679700095760

2 stipulation the Grave Robber (level 1, -9/9 HPs)
             Began as a Vine Stalker Necromancer on Jan 27, 2024.
             Mangled by a kobold
             ... wielding a +3 dagger of electrocution
              (13 damage)
             ... on level 1 of the Dungeon.
             The game lasted 00:00:16 (48 turns).

stipulation the Grave Robber (VSNe)                   Turns: 48, Time: 00:00:16

Health: -9/9       AC:  2    Str: 10    XL:     1   Next: 40%
Magic:  0/4        EV: 12    Int: 15    God:
Gold:   3          SH:  0    Dex: 14    Spells: 3/4 levels left

rFire   . . .        (no weapon)
rCold   . . .        (no shield)
rNeg    . . .        a - +0 robe
rPois   .            (no helmet)
rElec   .            (no cloak)
rCorr   .            (no gloves)
SInv    .            (no boots)
Will    .....        (no amulet)
Stlth   ++           (no ring)
HPRegen 1.01/turn    (no ring)
MPRegen 0.09/turn

%: guardian spirit
@: no status effects
A: fangs 2, regeneration 1, magic shield, antimagic bite, no potion heal 2
a: no special abilities


You were on level 1 of the Dungeon.
You visited 1 branch of the dungeon, and saw 1 of its levels.

You collected 3 gold pieces.

Inventory:

Armour
 a - a +0 robe (worn)
Potions
 b - a potion of magic


   Skills:
 + Level 1.6 Dodging
 + Level 2.5 Stealth
 + Level 2.2 Spellcasting
 + Level 4.0 Necromancy


You had 3 spell levels left.
You knew the following spells:

 Your Spells              Type           Power      Damage    Failure   Level
a - Necrotise             Necr           52%        1d6       4%          1

Your spell library contained the following spells:

 Spells                   Type           Power      Damage    Failure   Level
 Vampiric Draining        Necr           13%        2d6       12%         3
 Animate Dead             Necr           13%        N/A       38%         4
 Curse of Agony           Necr           13%        N/A       75%         5


Dungeon Overview and Level Annotations

Branches:
Dungeon (1/15)

Altars:


Innate Abilities, Weirdness & Mutations

You have extremely sharp teeth.
Your natural rate of healing is unusually fast.
When hurt, damage is shared between your health and your magic reserves.
Your bite disrupts and absorbs the magic of your enemies.
Potions cannot restore your health.


Message History

You drain its power.
The ball python is severely wounded.
The ball python bites you but does no damage.
The ball python constricts you.
You hit the ball python.
You kill the ball python!
The rat misses you.
You barely miss the rat. The rat barely misses you.
You barely miss the rat. The rat misses you.
The kobold hits you with a +3 dagger of electrocution.
You hit the rat but do no damage. Your bite misses the rat. The rat bites you.
The kobold hits you with a +3 dagger of electrocution.
A kobold comes into view. It is wielding a +0 dagger.
The kobold attacks as it pursues you!
The kobold hits you with a +3 dagger of electrocution.
Sorry, you're not good enough to have a special ability.
The kobold throws a stone.
The stone hits you.
Casting: Necrotise (safe; 4% risk of failure)
Confirm with . or Enter, or press ? or * to list all spells.
Aiming: Necrotise (safe; 4% risk of failure)
Press: ? - help, Shift-Dir - straight line, f - kobold
Aim: a kobold, wielding a +0 dagger and quivering stones (wandering, hasn't noticed you, chance to affect: 83%)
The kobold shouts!
The kobold writhes in agony.
You kill the kobold!
The dead are walking!
The rat barely misses your kobold skeleton.
Casting: Necrotise (safe; 4% risk of failure)
Confirm with . or Enter, or press ? or * to list all spells.
You don't have enough magic to cast this spell.
You hit the kobold but do no damage. Your bite misses the kobold.
The rat barely misses your kobold skeleton.
The kobold barely misses you.
You completely miss the kobold. The rat bites your kobold skeleton.
Your kobold skeleton hits the rat but does no damage.
A frilled lizard comes into view.
The kobold hits you with a +3 dagger of electrocution.
You are electrocuted!
Ouch! That really hurt!
You die...

# #.....#. . ..
...... .. #....# .#
#[##....####### ..
##.............
##?#$##........#
#.l...#r.......#
##### #..ZK##.....#
#.... #).@.##.#####
#....
#....##.########....
#....##.............
#....###########....
...### ##### ####


You could see a kobold, a frilled lizard, a rat (ally target) and a friendly
kobold skeleton.

Vanquished Creatures
  A jackal (D:1)
  A ball python (D:1)
  A kobold (D:1)
3 creatures vanquished.

Notes
Turn   | Place    | Note
-------+----------+-------------------------------------------
     0 | D:1      | stipulation the Vine Stalker Necromancer began the quest
                  | for the Orb.
     0 | D:1      | Reached XP level 1. HP: 9/9 MP: 4/4
    48 | D:1      | Mangled by a kobold

Illustrated notes

Levels and vault maps discovered:
D:1:      roderic_crop_circles_arrival_small, layout_basic, minmay_tall_x

Action                     || total
---------------------------++-------
  Melee: Unarmed           ||    14
         Bite              ||     5
   Cast: Necrotise         ||     1
 Armour: Robe              ||     9
  Dodge: Dodged            ||     6
